 Dungeon Crawl Stone Soup version 0.30.0-12-gd5a94ecb5d (webtiles) character file.

Game seed: 15886642929300093919

1083 IndexError the Magician (level 8, -3/58 HPs)
             Began as a Djinni Conjurer on May 17, 2023.
             Was an Initiate of Ashenzari.
             Slain by Joseph
             ... wielding a +1 quarterstaff of draining
              (7 damage)
             ... on level 7 of the Dungeon.
             The game lasted 00:09:16 (5555 turns).

IndexError the Magician (Djinni Conjurer)           Turns: 5555, Time: 00:09:16

Health: -3/58      AC:  8    Str:  6    XL:     8   Next: 55%
Gold:   188        EV: 11    Int: 23    God:    Ashenzari [......] SH:  0 Dex: 11

rFire   + + .        l - staff of cold {rC+}
rCold   . . .        (no shield)
rNeg    . . .        p - +0 troll leather armour of the Prescient Sky {Regen+, Pargi, Range, Self} (curse)
rPois   ∞            i - +2 helmet
rElec   .            (no cloak)
rCorr   .            o - +0 pair of gloves
SInv    .            (boots unavailable)
Will    .....        (no amulet)
Stlth   +            e - ring of wizardry {Wiz+, !d}
HPRegen 1.09/turn    (no ring)
MPRegen 0.00/turn

%: wizardry (x1), infuse magic (-4 HP)
@: flying
A: sickness immunity, fire resistance 2, cold vulnerability 1, float, innate
caster, HP casting, extra vitality 1
a: Renounce Religion, Curse Item, Shatter the Chains


You were on level 7 of the Dungeon.
You worshipped Ashenzari.
Ashenzari was noncommittal.
You visited 2 branches of the dungeon, and saw 8 of its levels.
You also visited: Ossuary.

You collected 188 gold pieces.

Inventory:

Hand Weapons
 x - a +1 dagger of electrocution
   (You took it off a goblin on level 4 of the Dungeon)
Missiles
 m - 6 curare-tipped darts
Armour
 i - a +2 helmet (worn)
   (You found it on level 2 of the Dungeon)
 o - a +0 pair of gloves (worn)
   (You found it on level 2 of the Dungeon)
 p - the cursed +0 troll leather armour of the Prescient Sky (worn) {Regen+, Pargi, Range, Self}
   (You found it on level 3 of the Dungeon)

   Regen:     It increases your rate of health regeneration.
   It has a curse which improves the following skills: Ranged Combat: Ranged
   Weapons and Throwing.
   Introspection: Fighting and Spellcasting.
 y - a +0 buckler
   (You found it on level 6 of the Dungeon)
Magical Staves
 l - a staff of cold (weapon) {rC+}
   (You found it on level 2 of the Dungeon)
 C - a staff of fire {rF+}
   (You found it on level 6 of the Dungeon)
Jewellery
 e - a ring of wizardry (left hand) {Wiz+, !d}
   (You found it on level 1 of the Dungeon)
Wands
 s - a wand of light (4)
   (You took it off a kobold on level 3 of the Dungeon)
 E - a wand of iceblast (11)
   (You found it on level 6 of the Dungeon)
Scrolls
 a - a scroll of amnesia {unknown}
 c - 2 scrolls of vulnerability {unknown}
 d - a scroll of poison {unknown}
 f - 2 scrolls of magic mapping {unknown}
 g - 3 scrolls of teleportation {unknown}
 k - 9 scrolls of identify {unknown}
 u - 2 scrolls of fear {unknown}
 z - a scroll of blinking {unknown}
 D - a scroll of acquirement {unknown}
Potions
 b - 2 potions of heal wounds {unknown}
 h - 2 potions of resistance {unknown}
 j - 5 potions of degeneration {unknown}
 n - 2 potions of cancellation {unknown}
 q - 5 potions of curing
 r - a potion of brilliance {unknown}
 t - 2 potions of lignification {unknown}
 v - 2 potions of magic {unknown}
 w - a potion of haste {unknown}
 A - a potion of attraction {unknown}
 B - 4 potions of berserk rage {unknown}
 F - a potion of might {unknown}


   Skills:
 + Level 3.6(4.0) Fighting
 - Level 2.1 Dodging
 - Level 1.5 Stealth
 * Level 7.4(7.8) Spellcasting


You knew the following spells:

 Your Spells              Type           Power      Damage    Failure   Level
a - Magic Dart            Conj           100%       1d8       1%          1
b - Searing Ray           Conj           90%        2d7       1%          2
c - Dazzling Flash        Conj/Hex       90%        N/A       1%          3
d - Fulminant Prism       Conj/Hex       22%        3d12      1%          4
e - Poisonous Vapours     Pois/Air       90%        N/A       1%          2
f - Scorch                Fire           90%        2d8       1%          2
g - Apportation           Tloc           90%        N/A       1%          1
x - Iskenderun's Mystic   Conj/Tloc      45%        2d10      1%          4
Your spell library was empty.

Dungeon Overview and Level Annotations

Branches:
Dungeon (7/15)             Temple (1/1) D:4         Ossuary (visited)

Altars:
Ashenzari
Cheibriados
Dithmenos
Fedhas
Makhleb
Nemelex Xobeh
Qazlal
Ru
Trog
Uskayaw
Xom
Zin
The Shining One

Annotations:
D:5 Menkaure
D:7 4 runed translucent doors, Crazy Yiuf; Joseph; fedoskokos's ghost, novice GnVM


Innate Abilities, Weirdness & Mutations

You are immune to sickness and miasma.
You are immune to poison.
Your flesh is very heat resistant. (rF++)
You are vulnerable to cold. (rC-)
You float through the air rather than walking.
You learn spells naturally, not from books.
Your magical power is your life essence.
You have superior vitality. (+4 MHP)


Message History

You see here a +0 whip.
Found an escape hatch in the ceiling.
j - 5 sedimented green potions (gained 2)
There is an escape hatch in the ceiling here.
A shadow imp comes into view.
The shadow imp shouts!
A shadow imp is nearby!
A shadow imp is nearby!
A shadow imp is nearby!
The magic dart hits the shadow imp.
The magic dart hits the shadow imp.
The magic dart hits the shadow imp!
You can't see any susceptible monsters within range! (Use Z to cast anyway.)
You can't see any susceptible monsters within range! (Use Z to cast anyway.) Ashenzari invites you to partake of a vision and a curse of fortitude and ranged combat.
You see here 6 stones.
You see here a book of Dangerous Friends.
The orc priest shouts!
You hear a shout! x2
The orc warrior shouts!
You hear a shout!
The orc shouts!
You hear a shout!
Fedoskokos's ghost turns its malevolent gaze towards you.
There is an open door here.
Joseph, a Mercenary comes into view.
He is wielding a +1 quarterstaff of draining.
Joseph is nearby!
Joseph is nearby!
Joseph is nearby!
Joseph is nearby!
Joseph is nearby!
The magic dart hits Joseph.
Joseph shouts!
Joseph unwields a +1 quarterstaff of draining.
Joseph wields a +0 sling.
Joseph shoots a sling bullet.
The sling bullet misses you.
There is an open door here.
You reach down and close the door.
You start waiting.
Something unseen opens the door.
Joseph unwields a +0 sling.
Joseph wields a +1 quarterstaff of draining.
You sense an unholy aura.
Joseph hits you with a +1 quarterstaff of draining!
There is an open door here.
You take 11 damage, and have 47/58 hp.
Casting: Magic Dart (safe; 1% risk of failure)
Confirm with . or Enter, or press ? or * to list all spells.
Aiming: Searing Ray (safe; 1% risk of failure)
Press: ? - help, Shift-Dir - straight line, f/p - Joseph
Aim: Joseph, wielding a +1 quarterstaff of draining and wearing a +0 ring mail (84% to hit)
The searing ray hits Joseph! (Press . to maintain the ray.) Joseph shouts, "You will never get the ORB!"
Joseph hits you with a +1 quarterstaff of draining!
You take 10 damage, and have 37/58 hp.
The searing ray hits Joseph.
Joseph hits you with a +1 quarterstaff of draining!
You take 7 damage, and have 30/58 hp.
The searing ray misses Joseph.
Joseph barely misses you.
The searing ray hits Joseph.
You finish channelling your searing ray.
Joseph hits you with a +1 quarterstaff of draining!
* * * LOW HITPOINT WARNING * * *
You take 17 damage, and have 13/58 hp.
MASSIVE DAMAGE!!
Casting: Searing Ray (safe; 1% risk of failure)
Confirm with . or Enter, or press ? or * to list all spells.
You erupt in a blast of force!
The mystic blast hits Joseph.
Joseph is knocked back by the mystic blast.
Joseph slams into the rock wall!
* * * LOW HITPOINT WARNING * * *
You take 3 damage, and have 10/58 hp.
Casting: Iskenderun's Mystic Blast (dangerous; 1% risk of failure)
Confirm with . or Enter, or press ? or * to list all spells.
You erupt in a blast of force!
The mystic blast hits Joseph!
Joseph is knocked back by the mystic blast.
Joseph slams into the rock wall!
* * * LOW HITPOINT WARNING * * *
You take 3 damage, and have 7/58 hp.
Casting: Iskenderun's Mystic Blast (dangerous; 1% risk of failure)
Confirm with . or Enter, or press ? or * to list all spells.
Casting: Dazzling Flash (safe; 1% risk of failure)
Press: ? - help, Dir - look around, f - activate
* * * LOW HITPOINT WARNING * * *
Joseph misses you.
You take 2 damage, and have 5/58 hp.
Casting: Dazzling Flash (safe; 1% risk of failure)
Confirm with . or Enter, or press ? or * to list all spells.
You erupt in a blast of force!
The mystic blast hits Joseph.
Joseph is knocked back by the mystic blast.
Joseph slams into the rock wall!
* * * LOW HITPOINT WARNING * * *
Joseph barely misses you.
You take 2 damage, and have 3/58 hp.
Casting: Iskenderun's Mystic Blast (dangerous; 1% risk of failure)
Confirm with . or Enter, or press ? or * to list all spells.
You don't have enough health to cast this spell.
Aiming: Bolt of Light
Press: ? - help, Shift-Dir - straight line, f - Joseph
Aim: Joseph, wielding a +1 quarterstaff of draining and wearing a +0 ring mail (severely wounded, 75% to hit)
The bolt of light hits Joseph!
Joseph is blinded.
Joseph hits you with a +1 quarterstaff of draining!
You die...

#..#..........<#...#..# #........
#..###.....#####...#..###..##.##.
#..# #.....# #..................
#..# #.....#####...#..###.#.#.##.
#..# #.............#..###.#.#.##.
#..# .......####.#...............
.......####.##..............
.........@.................
......####@###......#.#.##. .....
#.....##............. ....
#.....#######.#...... ...
#.....#######+#.##### @.
#.................... .
#.....######......###
#####.#....+......# #
######8.#.####......###
....o#..#.#####+###....


You could see Joseph (blind).

Vanquished Creatures
  A sky beast (D:6)
  Pargi (D:3)
  An ogre (D:4)
  A bullfrog (D:6)
  A scorpion (D:6)
  An orc priest (D:6)
  A centaur zombie (Ossuary)
  A human zombie (Ossuary)
  3 hounds
  A jelly (D:6)
  2 sleepcaps
  3 orc wizards (D:6)
  2 iguanas
  Robin (D:4)
  3 mummies
  3 adders
  3 gnolls (D:7)
  A shadow imp (D:7)
  2 white imps (D:6)
  2 ufetubi
  An adder zombie (Ossuary)
  A worm (D:2)
  19 orcs
  7 ball pythons
  2 endoplasms (D:2)
  4 giant cockroaches
  12 goblins
  8 hobgoblins
  7 jackals
  12 kobolds
  3 quokkas (D:1)
  6 bats
  4 frilled lizards
  2 goblin zombies
  9 hobgoblin zombies (Ossuary)
  12 kobold zombies (Ossuary)
  11 orc zombies
  6 rats
  2 rat zombies (Ossuary)
162 creatures vanquished.

Vanquished Creatures (others)
  2 fulminant prisms
2 creatures vanquished.

Grand Total: 164 creatures vanquished

Notes
Turn   | Place    | Note
-------+----------+-------------------------------------------
     0 | D:1      | IndexError the Djinni Conjurer began the quest for the Orb.
     0 | D:1      | IndexError set off with the following spells memorised:
                  | Magic Dart, Searing Ray, Dazzling Flash, Fulminant Prism,
                  | Iskenderun's Mystic Blast.
     0 | D:1      | Reached XP level 1. HP: 15/15 MP: 0/0
   180 | D:1      | Reached XP level 2. HP: 20/21 MP: 0/0
   555 | D:1      | Reached XP level 3. HP: 15/25 MP: 0/0
   555 | D:1      | Learned a level 1 spell: Apportation
   730 | D:1      | Reached skill level 4 in Spellcasting
  1294 | D:2      | Reached XP level 4. HP: 28/31 MP: 0/0
  1511 | D:2      | You are sucked into a shaft and drop 1 floor!
  1515 | D:3      | Found a stormy altar of Qazlal.
  1523 | D:3      | Found a blossoming altar of Fedhas.
  1675 | D:3      | Noticed Pargi
  1700 | D:3      | Killed Pargi
  1701 | D:3      | Reached skill level 5 in Spellcasting
  1701 | D:3      | Reached XP level 5. HP: 9/35 MP: 0/0
  1701 | D:3      | Learned a level 2 spell: Poisonous Vapours
  2341 | D:3      | Reached XP level 6. HP: 40/40 MP: 0/0
  2581 | D:4      | Found a staircase to the Ecumenical Temple.
  2616 | Temple   | Entered the Ecumenical Temple
  2767 | Temple   | Became a worshipper of Ashenzari the Shackled
  3026 | D:4      | Noticed an ogre
  3030 | D:4      | Killed an ogre
  3529 | D:4      | Reached skill level 6 in Spellcasting
  3654 | D:4      | Noticed Robin
  3669 | D:4      | Killed Robin
  3670 | D:4      | Reached XP level 7. HP: 32/45 MP: 0/0
  3670 | D:4      | Learned a level 2 spell: Scorch
  3777 | D:5      | Entered Level 5 of the Dungeon
  3777 | D:5      | Noticed Menkaure
  3787 | D:6      | Reached skill level 1 in Fighting
  3810 | D:6      | Found a sand-covered staircase.
  3818 | Ossuary  | Entered an ossuary
  4028 | Ossuary  | Reached skill level 2 in Fighting
  4193 | D:6      | Reached XP level 8. HP: 46/56 MP: 0/0
  4232 | D:6      | Reached skill level 7 in Spellcasting
  4233 | D:6      | Reached skill level 3 in Fighting
  5240 | D:7      | Found a runed translucent gate.
  5246 | D:7      | Found a runed translucent gate.
  5246 | D:7      | Found a runed translucent gate.
  5251 | D:7      | Noticed fedoskokos's ghost (novice GnVM)
  5301 | D:7      | Found a runed translucent door.
  5302 | D:7      | Noticed Crazy Yiuf
  5533 | D:7      | Noticed Joseph
  5550 | D:7      | HP: 13/58 [Joseph/+1 quarterstaff of draining (17)]
  5555 | D:7      | Slain by Joseph

Illustrated notes

Levels and vault maps discovered:
D:1:      evilmike_arrival_rings, layout_basic
D:2:      layout_basic, grunt_ministairs_4
D:3:      layout_loops_corners, grunt_temple_overflow_forces_of_nature,
          serial_aquarium, aquarium_bridge_straight [aquarium_subvault_bridge,
          aquarium_subvault_window, aquarium_subvault_bridge,
          aquarium_subvault_window], aquarium_bridge_long_joined
          [aquarium_subvault_bridge, aquarium_subvault_bridge,
          aquarium_subvault_balcony, aquarium_subvault_window,
          aquarium_subvault_balcony, aquarium_subvault_bridge],
          aquarium_window_double, aquarium_window_1, aquarium_view_2e,
          aquarium_balcony_3b, uniq_pargi
D:4:      layout_basic, minmay_temple_entry_wispy, minivault_11,
          minmay_misc_feat_cross, uniq_robin
D:5:      layout_basic, yredelemnul_altar_generic, uniq_menkaure
D:6:      layout_cave_pools, kennysheep_mini, nicolae_ossuary_entry_giza
D:7:      layout_basic, mainiacjoe_overflow_small_starburst,
          biasface_ghost_orc_armoury, uniq_crazy_yiuf_cottage, uniq_joseph
Temple:   hellmonk_temple_forest_ring

Skill      XL: |  1  2  3  4  5  6  7  8 |
---------------+-------------------------+-----
Spellcasting   | 4 5 6 7 |  7.4
Fighting       | 2 3 |  3.6
Dodging        | |  2.1
Stealth        | |  1.5

Action                     |  1- 3 |  4- 6 |  7- 9 || total
---------------------------+-------+-------+-------++-------
   Cast: Magic Dart        |    62 |    97 |   178 ||   337
         Searing Ray       |     3 |     4 |    11 ||    18
         Fulminant Prism   |       |     2 |       ||     2
         Iskenderun's Myst |       |     1 |     9 ||    10
         Dazzling Flash    |       |     1 |     1 ||     2
 Invoke: Curse Item        |       |     1 |       ||     1
  Evoke: Wand              |       |       |     1 ||     1
 Armour: Robe              |     1 |     6 |       ||     7
         Troll leather arm |       |     1 |    19 ||    20
  Dodge: Dodged            |     3 |    14 |    36 ||    53

Levels and vault maps discovered:
D:1:      evilmike_arrival_rings, layout_basic
D:2:      layout_basic, grunt_ministairs_4
D:3:      layout_loops_corners, grunt_temple_overflow_forces_of_nature,
          serial_aquarium, aquarium_bridge_straight [aquarium_subvault_bridge,
          aquarium_subvault_window, aquarium_subvault_bridge,
          aquarium_subvault_window], aquarium_bridge_long_joined
          [aquarium_subvault_bridge, aquarium_subvault_bridge,
          aquarium_subvault_balcony, aquarium_subvault_window,
          aquarium_subvault_balcony, aquarium_subvault_bridge],
          aquarium_window_double, aquarium_window_1, aquarium_view_2e,
          aquarium_balcony_3b, uniq_pargi
D:4:      layout_basic, minmay_temple_entry_wispy, minivault_11,
          minmay_misc_feat_cross, uniq_robin
D:5:      layout_basic, yredelemnul_altar_generic, uniq_menkaure
D:6:      layout_cave_pools, kennysheep_mini, nicolae_ossuary_entry_giza
D:7:      layout_basic, mainiacjoe_overflow_small_starburst,
          biasface_ghost_orc_armoury, uniq_crazy_yiuf_cottage, uniq_joseph
Temple:   hellmonk_temple_forest_ring

Table legend: (Time is in decaauts)
 A = Elapsed time spent in this place.
 B = Non-inter-level travel time spent in this place.
 C = Inter-level travel time spent in this place.
 D = Time resting spent in this place.
 E = Time spent auto-exploring this place.
 F = Levels seen in this place.
 G = Mean time per level.
                   A        B        C        D        E       F      G
               +--------+--------+--------+--------+--------+-----+--------+
         Total |   5554 |   5254 |    300 |      6 |   4465 |   9 |  617.1 |
       Dungeon |   5141 |   4851 |    290 |      6 |   4221 |   7 |  734.4 |
        Temple |    165 |    155 |     10 |      0 |    140 |   1 |  165.0 |
       Ossuary |    247 |    247 |      0 |      0 |    104 |   1 |  247.0 |
               +--------+--------+--------+--------+--------+-----+--------+

Top non-repeatable levels by time:
     D:4: 1070 daAuts
     D:1: 1057 daAuts
     D:3: 1031 daAuts
     D:6: 821 daAuts
     D:7: 699 daAuts
     D:2: 452 daAuts
 Ossuary: 247 daAuts
  Temple: 165 daAuts
     D:5: 9 daAuts

Table legend:
 A = Kills in this place as a percentage of kills in the entire game.
 B = Kills by you in this place as a percentage of kills by you in the entire game.
 C = Kills by friends in this place as a percentage of kills by friends in the entire game.
 D = Other kills in this place as a percentage of other kills in the entire game.
 E = Experience gained in this place as a percentage of experience gained in the entire game.
 F = Experience gained in this place divided by the number of levels of this place that you have seen.
                   A       B       C       D       E      F
               +-------+-------+-------+-------+-------+----------------------
         Total | 100.0 | 100.0 |   N/A |   N/A | 100.0 | 172.0
       Dungeon |  75.9 |  75.9 |   N/A |   N/A |  89.5 | 198.0
       Ossuary |  24.1 |  24.1 |   N/A |   N/A |  10.5 | 162.0
               +-------+-------+-------+-------+-------+----------------------
